 Dungeon Crawl Stone Soup version 0.28-a0-1493-g08698888e4 (webtiles) character file.

Game seed: 3868755396355449545

9 knot the Skirmisher (level 2, 20/24 HPs)
             Began as a Demonspawn Berserker on Jan 13, 2022.
             Was a Follower of Trog.
             Quit the game on level 1 of the Dungeon.
             The game lasted 00:00:35 (351 turns).

knot the Skirmisher (Demonspawn Berserker)           Turns: 351, Time: 00:00:36

Health: 20/24      AC:  6    Str: 17    XL:     2   Next: 3%
Magic:  2/2        EV: 11    Int:  8    God:    Trog [*.....]
Gold:   22         SH:  0    Dex: 12    Spells: 1/1 levels left

rFire   . . .      SeeInvis .   a - +0 hand axe
rCold   . . .      Faith    .   (no shield)
rNeg    . . .      Spirit   .   c - +0 ring mail
rPois   .          Reflect  .   (no helmet)
rElec   .          Harm     .   (no cloak)
rCorr   .          Rampage  .   (no gloves)
Will    .....                   (no boots)
Stlth   +.........              (no amulet)
HPRegen 0.08/turn               (no ring)
MPRegen 0.08/turn               (no ring)

@: no status effects
A: sharp scales 1
a: Renounce Religion, Berserk


You were on level 1 of the Dungeon.
You worshipped Trog.
Trog was aware of your devotion.
You visited 1 branch of the dungeon, and saw 1 of its levels.

You collected 22 gold pieces.

Inventory:

Hand Weapons
 a - a +0 hand axe (weapon)
Armour
 c - a +0 ring mail (worn)
Potions
 b - a potion of ambrosia {unknown}


   Skills:
 + Level 3.1 Fighting
 + Level 2.8 Axes
 + Level 2.0 Armour
 + Level 2.0 Dodging


You had one spell level left.
You didn't know any spells.
Your spell library was empty.

Dungeon Overview and Level Annotations

Branches:
Dungeon (1/15)

Altars:


Innate Abilities, Weirdness & Mutations

You are partially covered in razor-sharp scales. (AC +1, Slay +1)


Message History

Found a stone staircase leading down.
A goblin comes into view. It is wielding a +0 dagger.
The goblin shouts!
A hobgoblin comes into view.
Found an escape hatch in the floor.
The hobgoblin shouts!
There is a stone staircase leading down here.
You hit the goblin.
The goblin is moderately wounded.
The goblin hits you with a +0 dagger.
You hit the goblin.
You kill the goblin!
Trog accepts your kill.
The hobgoblin hits you but does no damage.
Things that are here:
a +0 dagger; a goblin corpse You hit the hobgoblin.
The hobgoblin is severely wounded.
The hobgoblin barely misses you.
You closely miss the hobgoblin.
The hobgoblin is severely wounded.
The hobgoblin hits you but does no damage.
You hit the hobgoblin but do no damage.
The hobgoblin is severely wounded.
The hobgoblin hits you but does no damage. x2
You closely miss the hobgoblin.
The hobgoblin is severely wounded.
The hobgoblin barely misses you.
You barely miss the hobgoblin.
The hobgoblin is severely wounded.
The hobgoblin hits you.
You hit the hobgoblin.
You kill the hobgoblin!
Trog accepts your kill.
Your Armour skill increases to level 2!
Your Dodging skill increases to level 2!
You have reached level 2!
Your demonic ancestry asserts itself...
Sharp scales grow over part of your body.
Are you sure you want to abandon this character and quit the game? (Confirm with "yes".)

#...........# #.
#.##.##........###.
#... #..####......
##........ #.#####
##...#####. #.#
#..... #. #.# #...#
#.# #..# ..# #@#
.## #># . #.##
##>#.## #.###.#
#..#.## # #.####
#.##...##
#.#.....##########


There were no monsters in sight!

Vanquished Creatures
  A giant cockroach (D:1)
  2 goblins (D:1)
  A hobgoblin (D:1)
  A quokka (D:1)
  A ball python (D:1)
  A frilled lizard (D:1)
  A kobold (D:1)
8 creatures vanquished.

Notes
Turn   | Place    | Note
-------+----------+-------------------------------------------
     0 | D:1      | knot the Demonspawn Berserker began the quest for the Orb.
     0 | D:1      | Reached XP level 1. HP: 18/18 MP: 1/1
   351 | D:1      | Gained mutation: You are partially covered in razor-sharp
                  | scales. (AC +1, Slay +1) [demonic ancestry]
   351 | D:1      | Reached XP level 2. HP: 20/24 MP: 2/2
   351 | D:1      | Quit the game

Illustrated notes

Levels and vault maps discovered:
D:1:      scummos_arrival_forest, layout_loops_cross, basic_ecumenical_altar

Skill      XL: |  1 |
---------------+----+-----
Armour         | 2 |  2.0
Dodging        | 2 |  2.0
Fighting       | |  3.1
Axes           | |  2.8

Action                   || total
-------------------------++-------
Melee: Hand axe          ||    22
Armor: Ring mail         ||     7
Dodge: Dodged            ||     8

Table legend: (Time is in decaauts)
 A = Elapsed time spent in this place.
 B = Non-inter-level travel time spent in this place.
 C = Inter-level travel time spent in this place.
 D = Time resting spent in this place.
 E = Time spent auto-exploring this place.
 F = Levels seen in this place.
 G = Mean time per level.
                   A        B        C        D        E       F      G
               +--------+--------+--------+--------+--------+-----+--------+
         Total |    354 |    337 |     17 |      0 |    278 |   1 |  354.0 |
       Dungeon |    354 |    337 |     17 |      0 |    278 |   1 |  354.0 |
               +--------+--------+--------+--------+--------+-----+--------+

Top non-repeatable levels by time:
     D:1: 354 daAuts
